 Dungeon Crawl Stone Soup version 0.18.1-2-ga659475 (webtiles) character file.

1422984 imoen the Imperceptible (level 24, 129/129 HPs)
             Began as a Spriggan Enchanter on May 7, 2016.
             Was an Initiate of Gozag.
             Escaped with the Orb
             ... and 3 runes on May 8, 2016!
             The game lasted 12:48:17 (89389 turns).

imoen the Imperceptible (Spriggan Enchanter)       Turns: 89389, Time: 12:48:18

Health: 129/129    AC:  9    Str:  4    XL:     24   Next: 51%
Magic:  41/41      EV: 40    Int: 27    God:    Gozag
Gold:   800        SH:  0    Dex: 27    Spells: 12 memorised, 2 levels left

rFire  + + +     SeeInvis +     b - +6 arbalest "Damnation" {damnation, rF++ rC- MR+}
rCold  + . .     Gourm    .     O - +4 robe of Augmentation {Str+4 Int+4 Dex+4}
rNeg   . . .     Faith    .     (shield currently unavailable)
rPois  +         Spirit   .     m - +1 hat {SInv}
rElec  +         Dismiss  .     W - +2 cloak of Gyku Fen {+Blink rElec rPois Str-4}
rCorr  .         Reflect  .     (gloves unavailable)
SustAt .         Harm     .     (boots unavailable)
MR     +++++                    k - amulet of magic regeneration
Stlth  ++++......               o - ring of protection from cold {UNCURSED}
                                A - ring of protection from cold {UNCURSED}

@: very slightly contaminated, deflect missiles, very quick, almost entirely
resistant to hostile enchantments, stealthy
A: unfitting armour, see invisible, agile 1, deformed body, fire resistance 1,
herbivore 3, speed 3, slow metabolism 2
a: Potion Petition, Call Merchant, Bribe Branch, Renounce Religion, Evoke Blink
0: Orb of Zot
}: 3/15 runes: decaying, silver, gossamer


You escaped.
You worshipped Gozag.
Gozag was noncommittal.
You were full.

You visited 9 branches of the dungeon, and saw 49 of its levels.
You visited the Abyss 1 time.
You visited 1 bazaar.
You also visited: Trove, Sewer, Ice Cave and Volcano.

You collected 27182 gold pieces.
You spent 11380 gold pieces at shops.
You paid 15002 gold pieces to Gozag.

Inventory:

Hand Weapons
 a - a +0 dagger of venom
   (You took it off a goblin on level 2 of the Dungeon)
 b - the +6 arbalest "Damnation" (weapon) {damnation, rF++ rC- MR+}
   (You bought it in a shop on level 8 of the Lair of Beasts)

   It greatly protects you from fire.
   It makes you vulnerable to cold.
   It affects your resistance to hostile enchantments.
 x - a +0 blowgun
   (You took it off a kobold on level 7 of the Dungeon)
 y - a +2 rapier of electrocution
   (You took it off Nikola on level 3 of the Spider Nest)
 H - a +0 arbalest of freezing
   (You took it off a yaktaur on level 1 of the Depths)
Missiles
 c - 17 curare-tipped needles
 g - 615 bolts (quivered)
 P - 4 throwing nets
Armour
 m - a +1 hat of see invisible (worn)
   (You took it off Gastronok on level 11 of the Dungeon)
 r - a +0 cloak
   (You found it on level 1 of the Depths)
 z - a +0 robe of fire resistance
   (You took it off a human in a volcano)
 G - the +2 robe "Piajor" {rF+ rCorr Int-5 Stlth+, unknown}
   (You took it off a yaktaur on level 3 of the Depths)

   It affects your intelligence (-5).
   It protects you from fire.
   It protects you from acid and corrosion.
   It makes you more stealthy.
 J - the cursed +1 robe of Terror {rElec, unknown}
   (You found it in a treasure trove)

   It insulates you from electricity.
   It has a curse placed upon it.
 L - the +2 robe "Uxzoy" {rN+ MR+ Int-2, unknown}
   (You found it in a treasure trove)

   It affects your intelligence (-2).
   It protects you from negative energy.
   It affects your resistance to hostile enchantments.
 N - the cursed +0 robe of Robabo {rN+ Dex+7, unknown}
   (You found it in a treasure trove)

   It affects your dexterity (+7).
   It protects you from negative energy.
   It has a curse placed upon it.
 O - the +4 robe of Augmentation (worn) {Str+4 Int+4 Dex+4}
   (You bought it in a shop on level 5 of the Dungeon)

   It affects your strength (+4).
   It affects your intelligence (+4).
   It affects your dexterity (+4).
 Q - a +2 hat
   (You found it in a treasure trove)
 W - the +2 cloak of Gyku Fen (worn) {+Blink rElec rPois Str-4}
   (You found it in a treasure trove)

   It affects your strength (-4).
   It insulates you from electricity.
   It protects you from poison.
   It lets you blink.
Rods
 f - a +0 rod of inaccuracy (12/12)
   (You found it on level 3 of the Dungeon)
 p - a +3 rod of shadows (9/9)
   (You bought it in a shop in a bazaar)
Jewellery
 k - an amulet of magic regeneration (around neck)
   (You found it on level 2 of the Dungeon)
 o - a ring of protection from cold (right hand) {UNCURSED}
   (You found it in an ice cave)
 s - the cursed ring of Fosahi {rF- rN+ MP+9 Int-2, unknown}
   (You found it on level 3 of the Abyss)

   [ring of intelligence]

   It affects your intelligence (-2).
   It makes you vulnerable to fire.
   It protects you from negative energy.
   It affects your magic capacity (+9).
   It has a curse placed upon it.
 A - a ring of protection from cold (left hand) {UNCURSED}
   (You bought it in a shop on level 5 of the Dungeon)
 B - the ring of Daisies {rPois rF+}
   (You found it on level 3 of the Vaults)

   [ring of protection from fire]

   It protects you from fire.
   It protects you from poison.
 T - an uncursed ring of stealth {unknown}
   (You found it on level 1 of the Realm of Zot)
 U - a +1 ring of protection {unknown}
   (You found it on level 1 of the Realm of Zot)
Wands
 e - a wand of hasting (5/9) {!v}
   (You found it on level 1 of the Lair of Beasts)
 F - a wand of digging (10/24) {!v}
   (You found it on level 6 of the Dungeon)
 Z - a wand of teleportation (5/9) {!v}
   (You took it off Harold on level 11 of the Dungeon)
Books
 h - an Akashic Record
   (You bought it in a shop on level 2 of the Orcish Mines)
 i - a book of Spatial Translocations
   (You bought it in a shop on level 2 of the Orcish Mines)
 n - a book of Ice
   (You found it in an ice cave)
 q - a book of Summonings
   (You bought it in a shop on level 2 of the Orcish Mines)
 u - a book of Unlife
   (You found it on level 2 of the Spider Nest)
 v - Roxanne's Compendium of Earth
   (You took it off Roxanne on level 3 of the Spider Nest)

   Spells                             Type                      Level
   a - Sandblast                      Earth                        1
   b - Stone Arrow                    Conjuration/Earth            3
   c - Leda's Liquefaction            Hexes/Earth                  4
   d - Lee's Rapid Deconstruction     Earth                        5
   e - Statue Form                    Transmutation/Earth          6
 D - a book of Alchemy
   (You found it on level 8 of the Lair of Beasts)
 E - a book of Transfigurations
   (You found it on level 1 of the Depths)
 M - a book of Enchantments
   (You found it on level 2 of the Depths)
 R - a book of the Earth
   (You found it on level 4 of the Lair of Beasts)
 Y - Netzie's Guide on Necromancy
   (You found it on level 4 of the Depths)

   Spells                             Type                      Level
   a - Corpse Rot                     Necromancy                   2
   b - Regeneration                   Charms/Necromancy            3
   c - Bolt of Draining               Conjuration/Necromancy       5
   d - Agony                          Necromancy                   5
   e - Cigotuvi's Embrace             Necromancy                   5
   f - Dispel Undead                  Necromancy                   5
   g - Simulacrum                     Ice/Necromancy               6
   h - Death Channel                  Necromancy                   6
Miscellaneous
 l - a fan of gales (inert)
   (You bought it in a shop on level 4 of the Lair of Beasts)
 t - a lamp of fire
   (You found it on level 4 of the Swamp)
 w - a stone of tremors (inert)
   (You found it on level 5 of the Vaults)
 C - 2 phantom mirrors
 I - a box of beasts {used: 2}
   (You found it on level 5 of the Vaults)
 S - a sack of spiders {used: 1}
   (You bought it in a shop on level 4 of the Lair of Beasts)
 V - a box of beasts {used: 8}
   (You found it on level 10 of the Dungeon)
 X - a phial of floods (inert)
   (You bought it in a shop on level 5 of the Dungeon)
Comestibles
 d - 8 bread rations
 j - 23 fruits
 K - 14 slices of pizza


   Skills:
 - Level 14.0 Fighting
 - Level 10.0 Short Blades
 - Level 18.6 Crossbows
 + Level 18.8 Dodging
 + Level 26.6 Stealth
 - Level 13.3 Spellcasting
 - Level 12.0 Hexes
 - Level 14.2 Charms
 - Level 5.5 Summonings
 - Level 3.0 Necromancy
 - Level 22.1 Translocations
 - Level 5.0 Ice Magic
 - Level 6.3 Air Magic
 - Level 13.0 Evocations


You had 2 spell levels left.
You knew the following spells:

 Your Spells              Type           Power        Failure   Level  Hunger
b - Tukima's Dance        Hex            ######..     1%          3    None
c - Animate Skeleton      Necr           N/A          1%          1    None
d - Metabolic Englaciati  Hex/Ice        ######....   2%          5    ##.....
f - Deflect Missiles      Chrm/Air       ######....   10%         6    ####...
g - Portal Projectile     Tloc           ######       0%          3    None
h - Passage of Golubria   Tloc           N/A          0%          4    None
i - Summon Mana Viper     Hex/Summ       ######..     2%          5    ##.....
r - Regeneration          Chrm/Necr      ######....   1%          3    None
A - Apportation           Tloc           #######...   0%          1    None
B - Blink                 Tloc           N/A          0%          2    None
C - Controlled Blink      Tloc           N/A          2%          8    #######
H - Haste                 Chrm           #######.     1%          6    ####...


Dungeon Overview and Level Annotations

Branches:
Dungeon (15/15)            Temple (0/1) D:6            Lair (8/8) D:11
  Swamp (4/4) Lair:4       Spider (4/4) Lair:4        Slime (0/6) Lair:8
    Orc (2/2) D:12            Elf (1/3) Orc:2        Vaults (5/5) D:14
  Crypt (0/3) Vaults:2     Depths (5/5) D:15            Zot (5/5) Depths:5

Altars:
Ashenzari
Dithmenos
Elyvilon
Fedhas
Gozag
Kikubaaqudgha
Makhleb
Nemelex Xobeh
Okawaru
Qazlal
Ru
Sif Muna
Trog
The Shining One
Beogh

Shops:
D:5 }[[**   D:8 !   D:9 %   Orc:2 !:*?   Lair:4 **   Lair:8 (   Vaults:1 (
Vaults:2 ?(?[   Vaults:4 *   Depths:2 }

Portals:
Hell: Depths:1 Depths:2 Depths:3 Depths:4 Depths:5
Abyss: Depths:1 Depths:3 Depths:4
Pandemonium: Depths:1 Depths:3 Depths:4 Depths:5
Ziggurat: Depths:2

Annotations:
D:6 potion here
Lair:4 3 exclusions
Orc:1 exclusion: downstairs
Vaults:2 exclusion: downstairs
Vaults:3 exclusions: 2 downstairs and 1 more exclusion, Mara
Depths:2 2 exclusions
Depths:3 1 runed door
Depths:4 exclusion: yaktaur captain
Zot:4 exclusion: upstairs


Innate Abilities, Weirdness & Mutations

You are tiny and cannot use many weapons and most armour.
You have supernaturally acute eyesight.
You are a herbivore.
You cover ground extremely quickly.
You need consume almost no food.
You are agile. (Dex +2)
Armour fits poorly on your strangely shaped body.
Your flesh is heat resistant.


Message History

You shoot a damnation bolt. The damnation bolt hits the sixfirhy!
The damnation bolt damns the sixfirhy.
The damnation bolt explodes!
The damnation engulfs the sixfirhy.
The sixfirhy completely misses you. x3
The sixfirhy enters the passage of Golubria.
The sixfirhy completely misses you.
You now have 33/41 mp.
You enter the passage of Golubria.
There is a passage of Golubria here.
Unknown command.
Aim: a sixfirhy (heavily wounded)
You shoot a damnation bolt. The damnation bolt hits the sixfirhy.
The damnation bolt damns the sixfirhy.
The damnation bolt explodes!
The damnation engulfs the sixfirhy.
You kill the sixfirhy!
There is a stone staircase leading up here.
You climb upwards.
There is a stone staircase leading down here.
A cyclops comes into view.
The cyclops shouts!
You regained 3 mp, and now have 40/41 mp.
Unknown command.
The cyclops throws a large rock.
The large rock completely misses you.
A chaos spawn comes into view.
MP restored: 41 You hear a distant blaring wail to the west.
There is a stone staircase leading up here.
You climb upwards.
There is a stone staircase leading down here.
The yak is too close now for your liking.
Unknown command.
The yak bellows!
There is a stone staircase leading up here.
You climb upwards.
There is a stone staircase leading down here.
Things that are here:
a chain mail; a mace
There is an escape hatch in the ceiling here.
A mysterious force pulls you upwards. The hatch slams shut behind you.
Have to go through D:10.
Continue?
Okay, then.
Unknown command.
Unknown command.
Unknown command.
Unknown command.
The dungeon trembles and rubble falls from the walls!
The rubble rises up and takes form.
Unknown command.
Things that are here:
a robe; a dagger
There is a stone staircase leading up here.
You climb upwards.
There is a stone staircase leading down here.
You see here a dagger.
There is an open door here.
There is an open door here.
You see here 12 stones.
There is an open door here.
There is an open door here.
There is a stone staircase leading up here.
You climb upwards.
There is a stone staircase leading down here.
There is a stone staircase leading up here.
You climb upwards.
Level annotation: potion here
There is a stone staircase leading down here.
There is a stone staircase leading up here.
Things that are here:
15 arrows; a shortbow
Things that are here:
a spear; a ring mail; a trident of protection
There is a stone staircase leading up here.
You climb upwards.
There is a stone staircase leading down here.
There is a stone staircase leading up here.
You climb upwards.
There is a stone staircase leading down here.
There is an open door here.
A hell beast comes into view.
You can't go up here!
A tormentor, a balrug and a pandemonium lord come into view.
Unknown command.
The tormentor roars!
Unknown command.
There is an open door here.
There is a stone staircase leading up here.
You climb upwards.
There is a stone staircase leading down here.
There is a stone staircase leading up here.
You climb upwards.
There is a stone staircase leading down here.
There is an escape hatch in the ceiling here.
A mysterious force pulls you upwards. The hatch slams shut behind you.
There is a stone staircase leading down here.
There is a fountain of clear blue water here.
There is an open door here.
There is a staircase leading out of the dungeon here.
Search for what [Enter for "experience", or ? for help]? haste || experience || heal Search for what [Enter for "haste || experience || heal", or ? for help]? scroll || potion Unknown command.
You have escaped!

# ###########..# #.##.#
#.##### # #..# #.##.#
#...... # #..# #.##.#
####... # ###.###.##.# #.#.
# ##.#.#...##.# #.#. #
##.#.......#.# #.#. ##
#.##.⌠...⌠...# #.#. .##
##.#..###....###### #.#.
#.###### ##...#@'..#......#
#.##
##.....#####...###..######.#
#.## #.####........⌠...⌠.#
#.# #.## .##
#######........# #.# #.## ##
#...#.#### #.# #.## #
#...#.# ######.###...
###.#.# #.......##### ###
#.#.# #.#####.# # ..#
#####.#.####.# #.#####


There were no monsters in sight!

Vanquished Creatures
  Saint Roka (Orc:2)
  A Killer Klown (Zot:5)
  Boris (Depths:4)
  Frederick (Depths:5)
  Norris (Vaults:1)
  A curse toe (Zot:4)
  Nikola (Spider:3)
  A Tzitzimitl (Depths:2)
  6 liches
  7 Orb Guardians (Zot:5)
  9 tentacled monstrosities
  Asterion (Depths:2)
  4 titans (Vaults:5)
  3 quicksilver dragons
  Gastronok (D:11)
  A kraken (Abyss:3)
  3 tentacled starspawn
  2 ancient champions (Depths:4)
  3 death cobs
  6 tengu reavers
  2 sphinxes
  2 shadow dragons
  4 thorn hunters
  Kirke (Lair:8)
  2 storm dragons (Depths:5)
  Roxanne (Spider:3)
  2 draconian monks (Zot:2)
  7 frost giants
  An iron dragon (Depths:5)
  Wiglaf (Vaults:1)
  6 draconian knights
  4 deep elf sorcerers
  Louise (Spider:3)
  3 draconian scorchers
  6 ghost moths
  6 fire giants
  17 vault wardens
  3 emperor scorpions (Spider:4)
  An angel (Abyss:1)
  A draconian shifter (Zot:1)
  2 draconian zealots
  5 spriggan defenders (Depths:4)
  13 ironheart preservers
  A reaper (Depths:4)
  A deep elf elementalist (Vaults:5)
  13 stone giants
  23 very ugly things
  A deep elf demonologist (Abyss:5)
  5 black draconians
  6 green draconians
  A draconian caller (Zot:1)
  5 vampire knights
  Nessos (Lair:5)
  6 mottled draconians
  2 purple draconians
  A starcursed mass (Abyss:1)
  14 red draconians
  3 salamander stormcallers
  2 spark wasps (Spider:4)
  2 white draconians (Zot:2)
  An eidolon (Depths:2)
  6 yellow draconians
  A dire elephant (D:15)
  A deep elf death mage (Vaults:3)
  A blizzard demon (Depths:1)
  Erolcha (D:13)
  21 vault guards
  10 fire dragons
  5 ettins
  2 jiangshi (Depths:2)
  7 ice dragons
  Harold (D:11)
  9 great orbs of eyes
  8 entropy weavers
  28 hydras
  3 rakshasas
  15 yaktaur captains
  5 spriggan air magi
  2 ghost crabs
  6 centaur warriors
  2 catoblepae (Lair:8)
  16 ogre magi
  9 alligators
  A vampire mage (Depths:2)
  7 death yaks
  A death knight (Vaults:3)
  4 deep troll shamans
  An orc high priest (Orc:2)
  7 tengu warriors
  A thrashing horror (Abyss:5)
  A storm dragon zombie (Depths:4)
  13 hell knights
  4 deep elf knights
  4 spriggan berserkers
  14 skeletal warriors
  5 wretched stars
  A titan skeleton (Vaults:4)
  A salamander mystic (Vaults:4)
  5 iron trolls
  3 shadow wraiths
  6 fire crabs
  A spectral anaconda (Depths:2)
  8 giant orange brains
  A spark wasp zombie (Depths:4)
  4 unseen horrors
  16 deep trolls
  A spriggan druid (Depths:4)
  A storm dragon skeleton (Vaults:5)
  7 wizards
  An infernal demonspawn (Depths:1)
  4 flayed ghosts
  A shadow demon (D:14)
  8 swamp dragons
  A torturous demonspawn (Depths:1)
  A golden dragon skeleton (Abyss:1)
  4 deep elf archers (Vaults:1)
  11 hill giants
  Pikel (D:8)
  2 orange crystal statues (Depths:2)
  A shambling mangrove (Swamp:2)
  2 phantasmal warriors (Depths:2)
  2 tengu zombies
  6 harpies
  An anaconda skeleton (Abyss:1)
  14 necromancers
  8 ironbrand convokers
  2 lindwurms
  A mana viper (shapeshifter) (Vaults:5)
  3 orc sorcerers
  7 orc knights
  36 wolf spiders
  A tengu skeleton (Vaults:3)
  4 mana vipers (Depths:2)
  4 oklob plants
  6 griffons
  20 ugly things
  14 orb spiders
  2 sixfirhies
  4 salamanders
  A worldbinder (Abyss:1)
  A fire giant zombie (Vaults:3)
  Maurice (D:11)
  8 hornets
  8 deep elf magi
  3 toenail golems (Volcano)
  A manticore (shapeshifter) (Depths:5)
  An apocalypse crab (Abyss:1)
  10 moths of wrath
  8 elephants
  7 cyclopes
  A smoke demon (Abyss:1)
  6 black mambas
  A rust devil (Abyss:1)
  11 vault sentinels
  A spriggan zombie (Depths:4)
  A black mamba (shapeshifter) (Depths:3)
  18 spiny frogs
  A torpor snail (shapeshifter) (Depths:4)
  2 gargoyles
  A kobold demonologist (D:15)
  2 centaur skeletons
  2 torpor snails
  4 elf zombies
  2 rime drakes
  70 yaktaurs
  7 freezing wraiths
  2 efreet
  7 komodo dragons
  A human skeleton (Vaults:5)
  5 spectral merfolk (Depths:2)
  10 demonic crawlers
  An ancient zyme (Abyss:1)
  A tengu conjurer (Depths:1)
  13 trolls
  The ghost of Zebura the Shield-Bearer, an amateur DDFi (D:5)
  24 jumping spiders
  23 polar bears
  24 two-headed ogres
  A shadow dragon simulacrum (Vaults:5)
  6 giant leeches
  8 bog bodies
  A dancing weapon (Vaults:4)
  21 slime creatures
  8 blink frogs
  9 raiju
  11 boulder beetles
  A stone giant simulacrum (Vaults:3)
  Prince Ribbit (D:7)
  3 frost giant simulacra (Vaults:3)
  A fire giant simulacrum (Vaults:2)
  An ice dragon zombie (Abyss:5)
  A human simulacrum (Vaults:4)
  76 redbacks
  28 spriggans
  7 shadows
  30 tarantellas
  6 air elementals
  7 vampires
  4 water elementals
  48 yaks
  12 wraiths
  2 wyverns
  5 large abominations
  2 ynoxinuls (Abyss:1)
  7 humans
  A golden eye (Abyss:3)
  4 hogs (Lair:8)
  2 basilisks
  12 fire elementals (Zot:1)
  2 neqoxecs
  A redback simulacrum (Vaults:1)
  2 chaos spawn
  A steam dragon (Lair:7)
  2 hungry ghosts (D:14)
  17 hippogriffs
  34 vampire mosquitoes
  6 wargs
  A mottled dragon (Lair:7)
  8 hell hounds
  14 insubstantial wisps
  A mottled dragon (shapeshifter) (Vaults:4)
  A soldier ant (D:13)
  19 swamp worms
  2 spectral spriggans (Depths:2)
  13 water moccasins
  A deep troll zombie (Vaults:4)
  A giant eyeball (Depths:2)
  A giant eyeball (shapeshifter) (Vaults:5)
  11 porcupines
  17 swamp drakes
  A swamp drake (shapeshifter) (Depths:5)
  4 ice beasts
  An ice beast (shapeshifter) (Vaults:5)
  3 slaves (D:8)
  3 black bears
  6 necrophages (D:9)
  5 sky beasts
  38 orc warriors
  20 wasps
  An ogre (shapeshifter) (Depths:5)
  33 wolves
  A phantom (D:11)
  73 ogres
  9 centaurs
  4 boggarts (Depths:1)
  9 crocodiles
  2 big kobolds
  A gnoll sergeant (D:6)
  20 giant frogs
  A wyvern zombie (D:11)
  8 small abominations
  4 scorpions
  6 spectral ogres (Depths:2)
  11 killer bees
  2 spectral nagas (Depths:2)
  14 wights
  3 electric eels
  3 spectral centaurs (Depths:2)
  A wasp zombie (D:7)
  10 crimson imps
  A giant frog zombie (D:7)
  13 howler monkeys
  4 centaur zombies
  4 quasits
  7 jellies
  4 hounds
  18 orc priests
  18 orc wizards
  2 giant frog skeletons
  12 iguanas
  18 worker ants
  17 sheep
  3 worker ant zombies
  9 gnolls
  41 river rats
  12 adders
  5 shadow imps
  15 white imps
  An ufetubus (Depths:5)
  An ooze (D:4)
  5 worms
  4 dart slugs
  6 giant geckos
  67 orcs
  2 ball pythons
  4 giant cockroaches
  7 hobgoblins
  18 jackals
  13 kobolds
  6 quokkas
  15 bats
  A giant gecko skeleton (D:4)
  4 giant newts
  6 goblins
  A jackal skeleton (D:4)
  A quokka skeleton (D:6)
  8 rats
  7 briar patches (Swamp:4)
  2 fungi
  2 lost souls (Depths:2)
  3 plants
  A tentacle segment (Abyss:3)
2139 creatures vanquished.

Vanquished Creatures (collateral kills)
  An ancient lich (Zot:5)
  Sojobo (Depths:2)
  An electric golem (Zot:5)
  3 tentacled monstrosities
  3 Orb Guardians
  A death cob (Zot:4)
  A shadow dragon (Zot:5)
  A frost giant (Vaults:5)
  Maud (Depths:2)
  A war gargoyle (Vaults:4)
  3 ironheart preservers
  2 red draconians (Zot:1)
  A yellow draconian (Zot:1)
  2 fire dragons
  6 vault guards
  An ogre mage (Vaults:3)
  A yaktaur captain (Vaults:5)
  A centaur warrior (Vaults:4)
  An ice dragon (Zot:5)
  A hydra (Swamp:4)
  A spriggan (Swamp:1)
  A skeletal warrior (Vaults:2)
  A shambling mangrove (Swamp:4)
  2 deep elf archers (Vaults:3)
  2 wolf spiders
  An orc knight (Vaults:2)
  5 deep elf magi
  An orc sorcerer (Orc:2)
  A cyclops (Orc:2)
  2 moths of wrath
  A vault sentinel (Vaults:4)
  A yaktaur (Depths:1)
  An ancient zyme (Abyss:5)
  7 two-headed ogres
  6 redbacks
  4 tarantellas (Spider:2)
  A large abomination (Abyss:5)
  A neqoxec (Zot:5)
  A fire elemental (Zot:1)
  A chaos spawn (Zot:5)
  4 orc warriors
  A wasp (Swamp:1)
  7 ogres
  A centaur (D:11)
  2 orc priests (Orc:2)
  5 orcs
94 creatures vanquished.

Vanquished Creatures (others)
  3 ancient liches (Zot:5)
  A Killer Klown (Zot:5)
  3 Orb Guardians (Zot:5)
  A yaktaur (Depths:3)
  16 dancing weapons
  A boulder beetle (Abyss:5)
  A yak (D:14)
  A hell hound (Depths:2)
  A wolf (Lair:6)
  An ogre (Depths:3)
  2 orc priests (Orc:2)
  An adder (D:8)
  An orc (D:8)
  A quokka (D:7)
  7 fungi
  36 plants
  2 starspawn tentacles (Abyss:5)
  38 starspawn tentacle segments (Abyss:5)
  5 tentacles (Abyss:3)
  137 tentacle segments (Abyss:3)
259 creatures vanquished.

Grand Total: 2492 creatures vanquished

Notes
Turn   | Place    | Note
--------------------------------------------------------------
     0 | D:1      | imoen the Spriggan Enchanter began the quest for the Orb.
     0 | D:1      | Reached XP level 1. HP: 9/9 MP: 5/5
   210 | D:1      | Reached skill level 2 in Short Blades
   219 | D:1      | Found a shattered altar of Ashenzari.
   250 | D:1      | HP: 2/9 [hobgoblin/club (6)]
   299 | D:1      | Reached XP level 2. HP: 5/13 MP: 6/6
   891 | D:1      | Learned a level 2 spell: Ensorcelled Hibernation
  1339 | D:2      | Reached skill level 3 in Short Blades
  1406 | D:2      | Found a faded altar to an unknown god.
  1438 | D:2      | Reached XP level 3. HP: 16/16 MP: 2/8
  1573 | D:2      | Reached skill level 4 in Short Blades
  1789 | D:2      | Reached XP level 4. HP: 21/21 MP: 9/9
  2454 | D:3      | Reached skill level 5 in Short Blades
  2470 | D:3      | Identified a +0 rod of inaccuracy (12/12) (You found it on level 3 of the Dungeon)
  2512 | D:3      | Found a burning altar of Makhleb.
  2962 | D:4      | Reached XP level 5. HP: 24/24 MP: 10/10
  3110 | D:4      | Reached skill level 6 in Short Blades
  3307 | D:4      | Learned a level 3 spell: Tukima's Dance
  3499 | D:4      | Reached skill level 5 in Stealth
  3499 | D:4      | Reached XP level 6. HP: 28/28 MP: 8/11
  3698 | D:5      | Entered Level 5 of the Dungeon
  3698 | D:5      | Found Ocaugi Jodghe's Armour Shop.
  3700 | D:5      | Reached skill level 6 in Stealth
  3838 | D:5      | Found a bloodstained altar of Trog.
  3839 | D:5      | Found an opulent altar of Gozag.
  3843 | D:5      | Became a worshipper of Gozag Ym Sagoz the Greedy
  4242 | D:5      | Reached skill level 7 in Stealth
  4298 | D:5      | Found a glowing drain.
  4313 | Sewer    | Entered a sewer
  4513 | Sewer    | Reached skill level 8 in Stealth
  4651 | D:5      | Learned a level 3 spell: Confuse
  4702 | D:5      | Found Zucrit's Gadget Emporium.
  4711 | D:5      | Reached skill level 1 in Fighting
  4711 | D:5      | Reached XP level 7. HP: 29/33 MP: 12/12
  4787 | D:5      | Reached skill level 2 in Fighting
  4903 | D:5      | Found Wypapor's Assorted Antiques.
  4955 | D:5      | Bought a ruby ring for 115 gold pieces
  4955 | D:5      | Bought a silver wand for 92 gold pieces
  4963 | D:5      | Noticed Zebura's ghost (amateur DDFi)
  4974 | D:5      | Found Udiv's Armour Boutique.
  5107 | D:6      | Reached skill level 3 in Fighting
  5271 | D:6      | Reached skill level 4 in Fighting
  5282 | D:6      | Reached XP level 8. HP: 42/42 MP: 9/13
  5422 | D:6      | Found a sparkling altar of Nemelex Xobeh.
  5432 | D:6      | Reached skill level 5 in Fighting
  5613 | D:6      | Found a staircase to the Ecumenical Temple.
  5819 | D:6      | Found a stormy altar of Qazlal.
  5843 | D:6      | Found a deep blue altar of Sif Muna.
  6223 | D:7      | Reached skill level 6 in Fighting
  6489 | D:7      | Found a shadowy altar of Dithmenos.
  6625 | D:7      | Reached skill level 7 in Fighting
  6763 | D:7      | Reached XP level 9. HP: 46/50 MP: 10/14
  6817 | D:7      | BEEEEEEEEEEEEEEEEEEEEEEEEEEEEEEEEES
  7032 | D:7      | Found a white marble altar of Elyvilon.
  7127 | D:7      | Found a blossoming altar of Fedhas.
  7283 | D:7      | Noticed Prince Ribbit
  7300 | D:7      | Reached skill level 8 in Fighting
  7314 | D:7      | Killed Prince Ribbit
  7540 | D:5      | Bought the +4 robe of Augmentation {Str+4 Int+4 Dex+4} for 687 gold pieces
  7764 | D:5      | Found Eddysy's Assorted Antiques.
  7786 | D:5      | Found a sparkling altar of Nemelex Xobeh.
  8053 | D:5      | Found Zucrit's Gadget Emporium.
  8127 | D:5      | Found Udiv's Armour Boutique.
  8151 | D:5      | Found Wypapor's Assorted Antiques.
  8205 | D:5      | Found a sparkling altar of Nemelex Xobeh.
  8237 | D:5      | Found Eddysy's Assorted Antiques.
  8319 | D:5      | Found an opulent altar of Gozag.
  8321 | D:5      | Found a bloodstained altar of Trog.
  8567 | D:5      | Killed Zebura's ghost
  8731 | D:8      | Found an iron altar of Okawaru.
  8753 | D:8      | Reached skill level 9 in Fighting
  9271 | D:8      | Noticed Pikel
  9293 | D:8      | Killed Pikel
  9293 | D:8      | Reached skill level 10 in Fighting
  9397 | D:8      | Learned a level 3 spell: Dazzling Spray
  9568 | D:8      | Reached XP level 10. HP: 60/60 MP: 15/15
  9796 | D:8      | Found Erchasem's Distillery.
  9907 | D:9      | Found Mipycy's Food Shoppe.
  9938 | D:8      | HP: 14/60 [orc priest/divine providence (16)]
 10291 | D:9      | Found a glowing golden altar of the Shining One.
 10632 | D:9      | Reached skill level 11 in Fighting
 10986 | D:9      | Found a sacrificial altar of Ru.
 11055 | D:10     | Entered Level 10 of the Dungeon
 11101 | D:10     | Reached skill level 3 in Spellcasting
 11115 | D:10     | Reached skill level 4 in Hexes
 11116 | D:10     | Noticed a hill giant
 11144 | D:10     | Killed a hill giant
 11144 | D:10     | Reached skill level 4 in Spellcasting
 11317 | D:10     | Reached skill level 5 in Hexes
 11423 | D:10     | Noticed a hill giant
 11430 | D:10     | Killed a hill giant
 11430 | D:10     | Reached skill level 5 in Spellcasting
 11854 | D:10     | Noticed a hill giant
 11861 | D:10     | Killed a hill giant
 11861 | D:10     | Reached skill level 6 in Spellcasting
 11861 | D:10     | Reached skill level 6 in Hexes
 12400 | D:5      | Bought a phial of floods for 480 gold pieces
 12490 | D:6      | Reached skill level 7 in Hexes
 12639 | D:6      | Found a staircase to the Ecumenical Temple.
 12724 | D:6      | Found a sparkling altar of Nemelex Xobeh.
 12761 | D:7      | Reached XP level 11. HP: 65/65 MP: 16/22
 13083 | D:11     | Noticed a hill giant
 13097 | D:11     | Killed a hill giant
 13097 | D:11     | Reached skill level 7 in Spellcasting
 13235 | D:11     | Found a staircase to the Lair.
 13404 | D:11     | Noticed a hill giant
 13415 | D:11     | Killed a hill giant
 13415 | D:11     | Reached skill level 8 in Hexes
 13426 | D:11     | Noticed Maurice
 13527 | D:11     | Reached skill level 8 in Spellcasting
 13532 | D:11     | Killed Maurice
 13835 | D:11     | Noticed Harold
 13875 | D:11     | Killed Harold
 13875 | D:11     | Reached skill level 9 in Hexes
 13953 | D:11     | Noticed Gastronok
 13988 | D:11     | Killed Gastronok
 13988 | D:11     | Reached skill level 9 in Spellcasting
 13988 | D:11     | Reached skill level 10 in Hexes
 14592 | D:11     | Reached skill level 10 in Spellcasting
 15139 | Lair:1   | Entered Level 1 of the Lair of Beasts
 15487 | Lair:1   | Noticed an oklob plant
 16016 | Lair:2   | Reached skill level 7 in Short Blades
 16312 | Lair:2   | Reached XP level 12. HP: 70/70 MP: 3/27
 16604 | Lair:2   | Reached skill level 8 in Short Blades
 16953 | Lair:2   | Reached skill level 9 in Short Blades
 17752 | Lair:2   | Reached skill level 10 in Short Blades
 17911 | Lair:2   | Reached skill level 4 in Dodging
 17929 | Lair:2   | Reached skill level 9 in Stealth
 18185 | Lair:3   | Found a dark tunnel.
 18229 | Volcano  | Entered a volcano
 18288 | Volcano  | Reached skill level 5 in Dodging
 18588 | Volcano  | Reached skill level 10 in Stealth
 18596 | Volcano  | Reached skill level 6 in Dodging
 19562 | Lair:4   | Reached skill level 7 in Dodging
 19578 | Lair:4   | Reached skill level 11 in Stealth
 19898 | Lair:4   | Reached skill level 8 in Dodging
 20013 | Lair:4   | Found a staircase to the Swamp.
 20178 | Lair:4   | Found a hole to the Spider Nest.
 20734 | Lair:5   | Reached skill level 9 in Dodging
 20767 | Lair:5   | Noticed Nessos
 20781 | Lair:5   | Killed Nessos
 20781 | Lair:5   | Reached skill level 12 in Stealth
 20814 | Lair:5   | Reached XP level 13. HP: 74/74 MP: 28/28
 21567 | Lair:5   | Reached skill level 10 in Dodging
 21885 | Lair:6   | Reached skill level 13 in Stealth
 22135 | Lair:6   | Reached skill level 1 in Evocations
 22143 | Lair:6   | Reached skill level 2 in Evocations
 22256 | Lair:6   | Reached skill level 3 in Evocations
 22371 | Lair:6   | Reached skill level 4 in Evocations
 22868 | Lair:7   | Reached skill level 5 in Evocations
 22976 | Lair:7   | Reached skill level 6 in Evocations
 23299 | Lair:7   | Reached skill level 7 in Evocations
 23486 | Lair:7   | Reached skill level 8 in Evocations
 23870 | Lair:8   | Entered Level 8 of the Lair of Beasts
 23970 | Lair:8   | Reached skill level 9 in Evocations
 24270 | Lair:8   | Reached skill level 10 in Evocations
 24585 | Lair:8   | Found a staircase to the Slime Pits.
 24726 | Lair:8   | Reached skill level 11 in Evocations
 24906 | Lair:8   | Noticed Kirke
 25312 | Lair:8   | Reached skill level 14 in Stealth
 25507 | Lair:8   | Killed Kirke
 25638 | Lair:8   | Reached XP level 14. HP: 79/79 MP: 23/29
 25647 | Lair:8   | Reached skill level 15 in Stealth
 25997 | Lair:8   | Learned a level 3 spell: Regeneration
 26069 | Lair:8   | Reached skill level 16 in Stealth
 26407 | Lair:8   | Bought the +6 arbalest "Damnation" {damnation, rF++ rC- MR+} for 1958 gold pieces
 26421 | Lair:8   | Learned a level 1 spell: Animate Skeleton
 26687 | D:12     | Reached skill level 1 in Crossbows
 26832 | D:12     | Reached skill level 2 in Crossbows
 26936 | D:12     | Reached skill level 3 in Crossbows
 27046 | D:12     | Reached skill level 4 in Crossbows
 27211 | D:12     | Found a staircase to the Orcish Mines.
 27367 | D:12     | Found a glowing golden altar of the Shining One.
 28321 | D:6      | Found a stormy altar of Qazlal.
 28345 | D:6      | Found a deep blue altar of Sif Muna.
 29413 | D:9      | Reached skill level 1 in Necromancy
 29652 | Orc:1    | Entered Level 1 of the Orcish Mines
 30118 | Orc:1    | Reached skill level 1 in Charms
 30200 | Orc:2    | Entered Level 2 of the Orcish Mines
 30327 | Orc:2    | Found Sirgh's Assorted Antiques.
 30327 | Orc:2    | Found Xicuoheo's Distillery.
 30522 | Orc:1    | Reached skill level 2 in Charms
 30616 | Orc:2    | Noticed Saint Roka
 30676 | Orc:1    | Reached skill level 3 in Charms
 30676 | Orc:1    | Reached skill level 2 in Necromancy
 30733 | Orc:1    | Reached skill level 4 in Charms
 31088 | Orc:1    | Reached skill level 3 in Necromancy
 31152 | Orc:1    | Reached skill level 5 in Charms
 31518 | Orc:1    | Reached skill level 5 in Crossbows
 31627 | Orc:1    | Learned a level 4 spell: Animate Dead
 31753 | Orc:2    | Reached skill level 6 in Crossbows
 32109 | Orc:2    | Reached skill level 7 in Crossbows
 32357 | Orc:2    | Killed Saint Roka
 32357 | Orc:2    | Reached skill level 8 in Crossbows
 32430 | Orc:2    | Found a staircase to the Elven Halls.
 32601 | Orc:2    | Reached XP level 15. HP: 82/82 MP: 27/30
 32795 | Orc:2    | Found Zakin's Magic Scroll Shoppe.
 32805 | Orc:2    | Found Kimang's Book Shop.
 32815 | Orc:2    | Bought a book of Spatial Translocations for 975 gold pieces
 32818 | Orc:2    | Learned a level 2 spell: Blink
 32822 | Orc:2    | Learned a level 3 spell: Portal Projectile
 32827 | Orc:2    | Learned a level 4 spell: Passage of Golubria
 32929 | Orc:2    | Learned a level 1 spell: Apportation
 33127 | Orc:2    | Reached skill level 1 in Translocations
 33142 | Orc:2    | Found a roughly hewn altar of Beogh.
 33158 | Orc:2    | Reached skill level 2 in Translocations
 33169 | Orc:2    | Reached skill level 3 in Translocations
 33443 | D:13     | Reached skill level 4 in Translocations
 33656 | D:13     | Reached skill level 5 in Translocations
 33858 | D:13     | Reached skill level 6 in Translocations
 34037 | D:13     | Noticed Erolcha
 34051 | D:13     | Killed Erolcha
 34098 | D:13     | Reached skill level 7 in Translocations
 34481 | D:14     | Found a frozen archway.
 34553 | IceCv    | Entered an ice cave
 34657 | IceCv    | Reached skill level 9 in Crossbows
 34703 | IceCv    | Got an ancient glass ring
 35235 | IceCv    | Noticed a frost giant
 35246 | IceCv    | Killed a frost giant
 35246 | IceCv    | Reached skill level 10 in Crossbows
 35318 | IceCv    | Identified the Grimoire of Curses and Confrontation
 35341 | IceCv    | FUCK YOUR FROST GIANT
 35341 | IceCv    | WHOEVER DESIGNED THIS ICE CAVE
 35341 | IceCv    | RAWR
 35634 | D:14     | Identified the ring "Zupef" {Str+2 SInv} (You found it in an ice cave)
 36202 | D:14     | Reached skill level 11 in Crossbows
 36256 | D:14     | Found a gate to the Vaults.
 36264 | D:14     | Learned a level 5 spell: Metabolic Englaciation
 36444 | D:14     | Reached skill level 1 in Ice Magic
 36867 | D:15     | Entered Level 15 of the Dungeon
 36877 | D:15     | Reached skill level 2 in Ice Magic
 37001 | D:15     | Reached skill level 11 in Hexes
 37122 | D:15     | Reached skill level 3 in Ice Magic
 37644 | D:15     | Reached skill level 4 in Ice Magic
 37947 | D:15     | Found a staircase to the Depths.
 38629 | Swamp:1  | Entered Level 1 of the Swamp
 38673 | Lair:4   | Bought a crude rapier for 171 gold pieces
 38673 | Lair:4   | Bought a paperback manual for 285 gold pieces
 38677 | Lair:4   | Identified the +2 rapier of Tenacity {pierce, Dex+2} (You bought it in a shop on level 4 of the Lair of Beasts)
 38698 | Lair:4   | Bought a fan of gales for 1600 gold pieces
 38950 | Swamp:1  | Reached skill level 5 in Ice Magic
 39018 | Swamp:1  | Reached skill level 12 in Hexes
 39271 | Swamp:1  | Reached XP level 16. HP: 87/87 MP: 26/31
 39480 | Swamp:2  | Noticed a thorn hunter
 39488 | Swamp:2  | Killed a thorn hunter
 39654 | Swamp:2  | Reached skill level 17 in Stealth
 39772 | Swamp:2  | Noticed a thorn hunter
 39795 | Swamp:2  | Killed a thorn hunter
 40681 | Swamp:3  | Reached skill level 18 in Stealth
 40756 | Swamp:4  | Entered Level 4 of the Swamp
 40776 | Swamp:4  | Noticed a thorn hunter
 41512 | Swamp:4  | Reached skill level 19 in Stealth
 41908 | Swamp:4  | Killed a thorn hunter
 42212 | Swamp:4  | Reached skill level 20 in Stealth
 43227 | Swamp:4  | Reached skill level 21 in Stealth
 43481 | Swamp:4  | Noticed a thorn hunter
 43503 | Swamp:4  | Killed a thorn hunter
 43767 | Swamp:4  | Reached skill level 22 in Stealth
 44047 | Swamp:4  | Got a decaying rune of Zot
 44321 | Lair:2   | Reached XP level 17. HP: 91/91 MP: 21/32
 44873 | Spider:1 | Entered Level 1 of the Spider Nest
 45768 | Spider:1 | Reached skill level 23 in Stealth
 47217 | Spider:2 | what the fuck game
 47217 | Spider:2 | torpor snail next to moth of wrath next to tarantella
 47217 | Spider:2 | 22 spd tarantella when torpor snail has irresistable slow
 47217 | Spider:2 | adsasdasfsadfsdf
 47399 | Spider:3 | Noticed Nikola
 47577 | Spider:3 | Noticed Louise
 47656 | Spider:3 | Killed Louise
 47656 | Spider:3 | Reached skill level 24 in Stealth
 47721 | Spider:3 | Noticed Roxanne
 47823 | Spider:3 | Reached skill level 11 in Dodging
 48196 | Spider:3 | Killed Roxanne
 48212 | Spider:3 | Identified Roxanne's Compendium of Earth (You took it off Roxanne on level 3 of the Spider Nest)
 48292 | Spider:3 | NIKOLAAAAAAAAAAAAAA
 48332 | Spider:2 | WHAT IS RELEC
 48435 | Spider:2 | Reached skill level 12 in Dodging
 49180 | Spider:3 | Reached skill level 13 in Dodging
 49822 | Spider:4 | Entered Level 4 of the Spider Nest
 50121 | Spider:4 | Reached skill level 14 in Dodging
 51013 | Spider:4 | Reached skill level 15 in Dodging
 52022 | Spider:4 | Reached skill level 16 in Dodging
 52116 | Spider:4 | Got a gossamer rune of Zot
 52169 | Spider:4 | Reached XP level 18. HP: 85/96 MP: 7/33
 52696 | Spider:4 | Reached skill level 17 in Dodging
 53116 | Elf:1    | Entered Level 1 of the Elven Halls
 53538 | Vaults:1 | Entered Level 1 of the Vaults
 53636 | Vaults:1 | Reached skill level 12 in Evocations
 53674 | Vaults:1 | Noticed Wiglaf
 53678 | Vaults:1 | Killed Wiglaf
 53948 | Vaults:1 | Reached skill level 13 in Evocations
 54248 | Vaults:1 | Noticed Norris
 54254 | Vaults:1 | Killed Norris
 54457 | Vaults:1 | Reached skill level 12 in Fighting
 56035 | Orc:2    | Bought a book of Summonings for 1050 gold pieces
 56043 | Orc:2    | Learned a level 5 spell: Summon Mana Viper
 56283 | Vaults:1 | Reached skill level 1 in Summonings
 56729 | Vaults:2 | Found Vasmetyz's Antique Armour Shoppe.
 57046 | Vaults:2 | Reached skill level 2 in Summonings
 57487 | Vaults:2 | Found Bier's Antique Weapon Emporium.
 57492 | Vaults:2 | Found Vashiawk's Magic Scroll Shoppe.
 57571 | Vaults:2 | Found Mojurgh's Magic Scroll Emporium.
 57712 | Vaults:2 | Reached skill level 3 in Summonings
 57913 | Vaults:2 | Reached skill level 13 in Fighting
 58000 | Vaults:2 | Found a staircase to the Crypt.
 58124 | Vaults:2 | Reached skill level 4 in Summonings
 58380 | Vaults:2 | Reached XP level 19. HP: 104/104 MP: 26/34
 58576 | Vaults:2 | Reached skill level 5 in Summonings
 60251 | Vaults:3 | Reached skill level 12 in Crossbows
 60618 | Vaults:3 | Got a slimy lead ring
 60620 | Vaults:3 | Identified the ring of Daisies {rPois rF+} (You found it on level 3 of the Vaults)
 61473 | Vaults:3 | Noticed Mara
 61570 | Vaults:2 | Reached skill level 13 in Crossbows
 61647 | Vaults:3 | Noticed imoen's illusion
 61654 | Vaults:2 | oh noes mara
 61654 | Vaults:2 | he will make a copy of me with a +0 dagger :( how terrifying
 62867 | Vaults:4 | HP: 19/104 [yaktaur/bolt[a yaktaur captain] (22)]
 63609 | Vaults:4 | Reached skill level 14 in Crossbows
 64683 | Vaults:4 | Reached skill level 15 in Crossbows
 65599 | Vaults:4 | Found Puduna's Assorted Antiques.
 66347 | Spider:3 | Killed Nikola
 66403 | Spider:3 | Reached XP level 20. HP: 103/109 MP: 33/35
 67269 | Depths:1 | Entered Level 1 of the Depths
 67282 | Depths:1 | Found a gateway to Hell.
 67303 | Depths:1 | Found a one-way gate leading to the halls of Pandemonium.
 67504 | Depths:1 | Gained mutation: You have an increased reservoir of magic (+10% MP). [a neqoxec]
 67662 | Depths:1 | Reached skill level 16 in Crossbows
 68652 | Depths:1 | Found an ancient bone altar of Kikubaaqudgha.
 68768 | Depths:1 | Found a one-way gate to the infinite horrors of the Abyss.
 69282 | Depths:2 | Reached skill level 17 in Crossbows
 69949 | Depths:3 | Found a runed door.
 69950 | Depths:3 | Noticed a juggernaut
 70020 | Depths:2 | Noticed Sojobo
 70047 | Depths:2 | Killed Sojobo
 70226 | Depths:3 | Reached skill level 18 in Crossbows
 70529 | Depths:3 | Found a portal to a secret trove of treasure.
 70547 | Depths:3 | Reached skill level 8 in Translocations
 70574 | Depths:3 | Got a distressingly furry robe
 70888 | Depths:3 | Reached skill level 9 in Translocations
 71299 | Depths:3 | Reached skill level 10 in Translocations
 71312 | Depths:3 | Reached XP level 21. HP: 67/113 MP: 20/39
 71529 | Depths:2 | Reached skill level 11 in Translocations
 71740 | Depths:2 | Reached skill level 12 in Translocations
 72122 | Depths:2 | Reached skill level 13 in Translocations
 72546 | Depths:2 | Noticed Asterion
 72563 | Depths:2 | Killed Asterion
 72649 | Depths:2 | Found a gateway to a ziggurat.
 73175 | Depths:2 | Noticed Maud
 73191 | Depths:2 | Killed Maud
 73191 | Depths:2 | Reached skill level 14 in Translocations
 73361 | Depths:2 | Learned a level 6 spell: Haste
 73680 | D:8      | Bought 2 potions of agility for 96 gold pieces
 73680 | D:8      | Bought a potion of agility for 48 gold pieces
 73908 | Lair:4   | Bought 2 potions of agility for 152 gold pieces
 73910 | Lair:4   | Bought a sack of spiders for 800 gold pieces
 73910 | Lair:4   | Bought a potion of agility for 160 gold pieces
 74368 | Depths:3 | You paid a toll of 8 potions of agility to enter a treasure trove
 74369 | Trove    | Entered a treasure trove
 74379 | Trove    | Got a shadowed robe
 74382 | Trove    | Got a smoking robe
 74384 | Trove    | Got a crude robe
 74393 | Trove    | Got a twisted cloak
 74450 | Depths:3 | Identified the +2 cloak of Gyku Fen {+Blink rElec rPois Str-4} (You found it in a treasure trove)
 74474 | Depths:3 | Reached skill level 6 in Charms
 74612 | Depths:4 | Noticed Boris
 74619 | Depths:4 | Killed Boris
 74619 | Depths:4 | Reached skill level 7 in Charms
 74653 | Depths:4 | Noticed Frederick
 74654 | Depths:4 | Reached skill level 8 in Charms
 74854 | Depths:4 | Reached skill level 9 in Charms
 75076 | Depths:4 | Found a flickering gateway to a bazaar.
 75081 | Bazaar   | Entered a bazaar
 75102 | Bazaar   | Found Tux Dupt's Magic Scroll Shop.
 75119 | Bazaar   | Found Daagreev's Distillery.
 75119 | Bazaar   | Found Tuyl Lachu's Weapon Shop.
 75145 | Bazaar   | Found Guus's Gadget Boutique.
 75150 | Bazaar   | Bought a +3 rod of shadows (9/9) for 680 gold pieces
 75173 | Depths:4 | Reached skill level 10 in Charms
 75322 | Depths:4 | Reached skill level 11 in Charms
 75683 | Depths:4 | Reached skill level 12 in Charms
 75864 | Depths:4 | Reached skill level 13 in Charms
 76189 | Depths:4 | Reached skill level 14 in Charms
 76357 | Depths:4 | Reached XP level 22. HP: 118/118 MP: 26/41
 76377 | Depths:4 | Reached skill level 11 in Spellcasting
 76462 | Depths:4 | Reached skill level 15 in Translocations
 76645 | Depths:4 | Identified Netzie's Guide on Necromancy (You found it on level 4 of the Depths)
 76969 | Depths:4 | Reached skill level 12 in Spellcasting
 77389 | Depths:5 | Entered Level 5 of the Depths
 77637 | Depths:5 | Killed Frederick
 77653 | Depths:5 | Reached skill level 13 in Spellcasting
 77685 | Depths:5 | Upgraded the game from 0.18.1-1-g2f07953 to 0.18.1-2-ga659475
 77780 | Depths:5 | Learned a level 6 spell: Deflect Missiles
 77839 | Depths:5 | Reached skill level 1 in Air Magic
 77894 | Depths:5 | Reached skill level 2 in Air Magic
 78055 | Depths:5 | Reached skill level 3 in Air Magic
 78156 | Depths:5 | Reached skill level 4 in Air Magic
 78376 | Depths:5 | Reached skill level 5 in Air Magic
 78918 | Depths:5 | Reached skill level 6 in Air Magic
 79174 | Depths:5 | Found a gate to the Realm of Zot.
 79547 | Orc:2    | Bought a book of Maledictions for 375 gold pieces
 79644 | Orc:2    | Bought an Akashic Record for 1656 gold pieces
 79653 | Orc:2    | Learned a level 8 spell: Controlled Blink
 79946 | Depths:1 | Voluntarily entered the Abyss.
 80224 | Abyss:1  | Reached skill level 16 in Translocations
 80713 | Abyss:3  | Found a corrupted altar of Lugonu.
 80830 | Abyss:3  | Got a fine pewter ring
 80866 | Abyss:4  | Found a corrupted altar of Lugonu.
 80932 | Abyss:4  | Found a corrupted altar of Lugonu.
 80935 | Abyss:5  | Entered Level 5 of the Abyss
 81090 | Abyss:5  | Reached skill level 17 in Translocations
 81211 | Abyss:5  | Found a corrupted altar of Lugonu.
 81294 | Abyss:5  | Found a corrupted altar of Lugonu.
 81473 | Abyss:5  | Lost strength.
 81583 | Depths:1 | Escaped the Abyss
 83685 | Vaults:5 | Entered Level 5 of the Vaults
 83701 | Vaults:5 | Reached skill level 18 in Translocations
 83986 | Vaults:5 | Reached XP level 23. HP: 122/122 MP: 37/45
 84102 | Vaults:5 | Reached skill level 19 in Translocations
 84373 | Vaults:5 | Reached skill level 20 in Translocations
 84443 | Vaults:5 | Reached skill level 21 in Translocations
 84699 | Vaults:5 | Got a silver rune of Zot
 85381 | Zot:1    | Entered Level 1 of the Realm of Zot
 85401 | Zot:1    | Reached skill level 22 in Translocations
 86225 | Zot:2    | Reached skill level 25 in Stealth
 86281 | Zot:2    | Reached XP level 24. HP: 102/128 MP: 7/45
 86416 | Zot:2    | Reached skill level 14 in Fighting
 87234 | Zot:5    | Entered Level 5 of the Realm of Zot
 87568 | Zot:5    | Reached skill level 26 in Stealth
 87575 | Zot:5    | Reached skill level 18 in Dodging
 88278 | Zot:5    | Noticed an ancient lich
 88279 | Zot:5    | Noticed an ancient lich
 88280 | Zot:5    | Noticed an orb of fire
 88293 | Zot:5    | Noticed an ancient lich
 88294 | Zot:5    | Noticed an ancient lich
 88304 | Zot:5    | Got the Orb of Zot
 88330 | Zot:5    | Killed an ancient lich
 88414 | Zot:5    | Noticed Fyaguat the pandemonium lord
 88555 | Zot:2    | Gained mutation: Your flesh is heat resistant. [a neqoxec]
 88556 | Zot:2    | Lost mutation: You have an increased reservoir of magic (+10% MP). [mutagenic glow]
 88933 | D:15     | Gained mutation: You are agile. (Dex +2) [mutagenic glow]
 88961 | D:15     | Gained mutation: Armour fits poorly on your strangely shaped body. [mutagenic glow]
 89321 | D:4      | Noticed Veutyal the pandemonium lord
 89389 | D:$      | Escaped with the Orb!

Skill      XL: |  1  2  3  4  5  6  7  8  9 10 11 12 13 14 15 16 17 18 19 20 21 22 23 24 |
---------------+-------------------------------------------------------------------------+-----
Short Blades   | 2 3 4 5 6 7 10 | 10.0
Stealth        | 5 8 12 14 16 22 24 25 26 | 26.6
Fighting       | 1 4 7 10 11 13 14 | 14.0
Spellcasting   | 6 10 13 | 13.3
Hexes          | 7 10 12 | 12.0
Dodging        | 9 10 16 17 18 | 18.8
Evocations     | 11 13 | 13.0
Crossbows      | 8 11 15 18 | 18.6
Necromancy     | 3 |  3.0
Charms         | 5 14 | 14.2
Translocations | 7 10 14 18 22 | 22.1
Ice Magic      | 5 |  5.0
Summonings     | 4 5 |  5.5
Air Magic      | 6 |  6.3

Action                   |  1- 3 |  4- 6 |  7- 9 | 10-12 | 13-15 | 16-18 | 19-21 | 22-24 || total
-------------------------+-------+-------+-------+-------+-------+-------+-------+-------++-------
Melee: Dagger            |   110 |   278 |   416 |   713 |  1338 |   953 |   762 |   139 ||  4709
       Rapier            |       |       |       |       |       |       |    46 |    31 ||    77
 Fire: Arbalest          |       |       |       |       |    17 |    76 |   511 |   826 ||  1430
       Blowgun           |       |       |       |       |       |       |     2 |       ||     2
Throw: Tomahawk          |       |       |       |       |     6 |       |       |       ||     6
 Cast: Ensorcelled Hiber |    16 |    25 |    30 |    17 |     9 |     8 |       |       ||   105
       Confuse           |       |     1 |    43 |   153 |   260 |   414 |   360 |     4 ||  1235
       Dazzling Spray    |       |       |       |   128 |   380 |   211 |    96 |       ||   815
       Tukima's Dance    |       |       |       |     1 |    19 |    24 |    37 |     1 ||    82
       Corona            |       |       |       |     1 |       |     4 |       |       ||     5
       Regeneration      |       |       |       |       |    16 |    23 |    48 |    35 ||   122
       Animate Dead      |       |       |       |       |     2 |       |       |       ||     2
       Portal Projectile |       |       |       |       |     5 |    18 |    70 |    80 ||   173
       Metabolic Englaci |       |       |       |       |     3 |    74 |    12 |     8 ||    97
       Passage of Golubr |       |       |       |       |     3 |    43 |    36 |    60 ||   142
       Blink             |       |       |       |       |       |    11 |    31 |    22 ||    64
       Summon Mana Viper |       |       |       |       |       |     3 |    22 |    44 ||    69
       Haste             |       |       |       |       |       |       |     2 |    30 ||    32
       Deflect Missiles  |       |       |       |       |       |       |       |     4 ||     4
       Controlled Blink  |       |       |       |       |       |       |       |     4 ||     4
       Apportation       |       |       |       |       |       |       |       |     2 ||     2
Invok: Call Merchant     |       |       |       |       |     3 |     1 |     1 |       ||     5
       Potion Petition   |       |       |       |       |     1 |       |     2 |     1 ||     4
       Bribe Branch      |       |       |       |       |       |       |       |     3 ||     3
 Abil: Evoke Blink       |       |       |       |       |       |       |       |     1 ||     1
Evoke: Rod               |       |     1 |       |     9 |    52 |    96 |    74 |    59 ||   291
       Phial of floods   |       |       |       |     1 |     1 |     5 |     5 |     3 ||    15
       Box of beasts     |       |       |       |       |     1 |     1 |     3 |     5 ||    10
       Fan of gales      |       |       |       |       |       |     5 |     5 |     3 ||    13
       Lamp of fire      |       |       |       |       |       |     2 |     2 |       ||     4
       Stone of tremors  |       |       |       |       |       |       |       |     2 ||     2
       Sack of spiders   |       |       |       |       |       |       |       |     1 ||     1
 Stab: Sleeping          |    15 |    28 |    30 |    34 |    47 |    69 |    47 |    26 ||   296
       Distracted        |     1 |     1 |     9 |     4 |    13 |    13 |    18 |     8 ||    67
       Confused          |       |       |    31 |    81 |   134 |   228 |   160 |     3 ||   637
       Invisible         |       |       |       |    24 |   101 |    34 |    19 |       ||   178
  Eat: Bread ration      |       |     1 |     2 |     2 |     4 |     5 |     4 |     5 ||    23
       Royal jelly       |       |       |       |       |     1 |       |     1 |     1 ||     3
       Fruit             |       |       |       |       |       |       |     1 |    10 ||    11
       Pizza             |       |       |       |       |       |       |     1 |       ||     1
Armor: Robe              |     9 |    26 |    27 |    63 |    61 |    43 |    36 |    24 ||   289
Dodge: Dodged            |    89 |   156 |   218 |   394 |   917 |   650 |   737 |   390 ||  3551
       Deflected         |       |       |       |       |       |       |       |    32 ||    32

Vault maps used:
D:1:      scummos_arrival_simple_fountains, nicolae_ashenzari_panopticon
D:2:      ecumenical_altar_2, roderic_serpentine_path
D:3:      makhleb_grotto_becter, first_bread
D:5:      gammafunk_temple_overflow_statue, old_standard_altar,
          gup_sewer_entry_bubbles, serial_shops,
          nicolae_shop_overgrown_old_shop, shop, nicolae_shop_crystal,
          nicolae_shop_competitors_out_of_business, shop, zaba_anthole
D:6:      kennysheep_orc_sif_temple, lemuel_coloured_pillars_altar,
          lemuel_temple_firewalk_marked, serial_bayou_pond_a, minivault_22,
          nemelex_deck
D:7:      nicolae_overflow_crystal_walls, fedhas_altar_fruit_tree,
          grunt_livestock, elyvilon_altar_4, uniq_prince_ribbit1
D:8:      okawaru_metal_pillars_1_2, serial_shops, shop, uniq_pikel
D:9:      kennysheep_mini_moat, kennysheep_little_box, serial_undead,
          serial_undead_f, serial_undead_e, serial_undead_a, serial_undead_f,
          serial_shops, shop
D:11:     david_lair_shrubbed, hangedman_decor_clover_reticule, uniq_harold,
          uniq_gastronok, uniq_maurice
D:12:     david_orc_1_choice, tso_altar
D:13:     uniq_erolcha
D:14:     david_vaults_1, portal_ice_cave_entry_imps
D:15:     hangedman_depths_entry_try_elsewhere_first, solitary_fountain
Lair:1:   minmay_lair_oklob_chamber
Lair:2:   minivault_11, grunt_megastairs_4, lemuel_fruit_tree
Lair:3:   nicolae_volcano_entry_two_sided
Lair:4:   nicolae_swamp_entry_splash_gauntlet,
          nicolae_spider_entry_orb_guardian, serial_bayou_lake_a
Lair:5:   serial_bayou_shore_a, grunt_megastairs_5, bh_autumn_forest_stairs,
          uniq_nessos
Lair:6:   infiniplex_staircase_pool
Lair:7:   guppyfry_lair_drakes, grunt_megastairs_1
Lair:8:   grunt_lair_end_beastmaster, minmay_slime_entry_oklob_enclosed,
          grunt_megastairs_3, uniq_kirke
Swamp:1:  nicolae_swamp_round_clearing, swamp_pool5
Swamp:2:  hangedman_swamp_cone, swamp_pool2
Swamp:3:  evilmike_swamp_ruin_house_2, swamp_pool1
Swamp:4:  swamp_basic_johnstein
Spider:1: hangedman_spider_mandibles
Spider:2: nicolae_spider_cling_halls
Spider:3: uniq_roxanne, uniq_louise, uniq_nikola
Spider:4: spider_rune_water
Orc:2:    st_orc_open, minmay_orc_temple_c, uniq_saint_roka
Elf:1:    basic_altar, minmay_elf_annihilation, evilmike_ambush
Vaults:1: vaults_room_stairs_pillars, nicolae_vaults_border_crossing,
          ontoclasm_vaults_claustrophobia, vaults_dpeg_doors, v_misc_25,
          vaults_mumra_minichess_inversion, vaults_dpeg_ring, uniq_norris,
          uniq_wiglaf
Vaults:2: minmay_crypt_entry_vampire_xt, vaults_room_door_ring,
          nicolae_vaults_big_angled_halls, vaults_standard_mumra_lines,
          vaults_room_stairs_pillars, grunt_vaults_hallway_short,
          ontoclasm_vaults_gallery, v_misc_15, ontoclasm_vaults_loading_screen,
          serial_shops, shop_fountains, shop, shop_scrolls, shop
Vaults:3: serial_ice_b, st_cells, ontoclasm_vaults_twist,
          hangedman_vaults_stagger, grunt_vaults_swirl, stair_cage_open,
          vaults_room_grunt_arrival_checkpoint, v_rooms_2,
          hangedman_vaults_stream, nicolae_vaults_rhombus_6, v_misc_26,
          ontoclasm_vaults_misaligned, nicolae_vaults_little_squares_3,
          ontoclasm_vaults_pinch, vaults_dpeg_diagonal, uniq_mara
Vaults:4: vaults_room_fours, grunt_vaults_funnel, vaults_room_octagon,
          vaults_room_door_ring, hangedman_vaults_impose,
          nicolae_vaults_mini_display_case, vaults_room_semicircle,
          st_more_cells, serial_shops,
          nicolae_shop_temple_entry_statues_fountains
Vaults:5: serial_shops
Depths:1: rand_demon_pan_entry_8, abyss_entry, minmay_misc_feat_plants,
          hell_entry, kennysheep_pointless_box,
          hangedman_abyss_or_decor_stagger, minmay_crystal_room,
          small_chamber_with_monster, grunt_ministairs_11, lemuel_statue_altar,
          serial_bayou_shore_b, serial_bayou_shore_b
Depths:2: lemuel_river_lethe, hell_entry, uniq_sojobo, uniq_asterion
Depths:3: impenetrable_vault, abyss_entry, nicolae_trove_entry_free_sample,
          rand_demon_pan_entry_3, pf_hell_entry_great_geh,
          hangedman_decor_peaks_small, kennysheep_crisscross
Depths:4: minmay_spriggan_fort, hell_entry, abyss_entry_crystal,
          grunt_pan_entry_sceptre, serial_shops, bzr_entry_gold, special_room,
          corexii_hall_statues_i, sword_in_stone,
          infiniplex_staircase_pillars_2, serial_bayou_shore_b, uniq_boris
Depths:5: grunt_zot_entry_hairpin, rand_demon_pan_entry_9,
          grunt_hell_entry_dis_old, hangedman_decor_push
Zot:1:    lemuel_firehouse, st_small_dragon_hoard_4
Zot:2:    basic_stair_grate_trap
Zot:3:    grunt_megastairs_2
Zot:4:    uniq_tiamat
Zot:5:    lemuel_baited_zot_trap
Abyss:1:  minivault_19
Abyss:3:  evilmike_abyss_rune_siren
Abyss:4:  evilmike_abyss_exit_15, evilmike_abyss_rune_tentacle_tunnel,
          evilmike_abyss_exit_5
Abyss:5:  evilmike_abyss_exit_13, hangedman_abyss_or_decor_slice,
          evilmike_abyss_rune_ettins, minivault_23
Bazaar:   bazaar_jpeg_honeycomb
Trove:    trove_armour_2
Sewer:    sewer_big_baddie
IceCv:    ice_cave_caverns_03
Volcano:  volcano_bunker

Table legend:
 A = Turns spent in this place as a percentage of turns spent in the entire game.
 B = Non-inter-level travel turns spent in this place as a percentage of non-inter-level travel turns spent in the entire game.
 C = Inter-level travel turns spent in this place as a percentage of turns spent in this place.
 D = Turns resting spent in this place as a percentage of non-inter-level travel turns spent in this place.
 E = Turns spent auto-exploring this place as a percentage of non-inter-level travel turns spent in this place.
 F = Non-inter-level travel turns spent in this place divided by the number of levels of this place that you've seen.
                   A       B       C       D       E      F
               +-------+-------+-------+-------+-------+----------------------
         Total | 100.0 | 100.0 |   0.6 |   0.8 |   4.0 | 641.5
       Dungeon |  21.5 |  21.4 |   1.2 |   0.7 |   5.6 | 539.3
          Lair |  11.2 |  11.2 |   0.8 |   0.6 |   5.9 | 530.2
         Swamp |   6.7 |   6.7 |   0.3 |   0.4 |   3.0 | 633.2
   Spider Nest |  10.3 |  10.3 |   0.4 |   0.9 |   3.8 | 979.0
  Orcish Mines |   5.4 |   5.4 |   1.0 |   0.4 |   3.3 | 1021.5
   Elven Halls |   0.0 |   0.0 |   0.0 |   0.0 |   0.0 |   5.0
        Vaults |  16.3 |  16.3 |   0.5 |   1.1 |   3.5 | 1231.2
        Depths |  15.1 |  15.1 |   0.5 |   0.7 |   4.4 | 1141.6
           Zot |   6.6 |   6.7 |   0.2 |   1.4 |   1.1 | 503.6
         Abyss |   4.3 |   4.4 |   0.0 |   0.2 |   0.5 | 330.8
        Bazaar |   0.1 |   0.1 |   0.0 |   0.0 |  32.1 |  28.0
         Trove |   0.1 |   0.1 |   0.0 |   0.0 |   0.0 |  42.0
         Sewer |   0.3 |   0.3 |   0.0 |   1.6 |   2.4 | 124.0
      Ice Cave |   1.3 |   1.3 |   0.0 |   0.4 |   2.4 | 506.0
       Volcano |   0.7 |   0.7 |   0.0 |   3.5 |   1.1 | 282.0
               +-------+-------+-------+-------+-------+----------------------

Table legend:
 A = Kills in this place as a percentage of kills in entire the game.
 B = Kills by you in this place as a percentage of kills by you in the entire game.
 C = Kills by friends in this place as a percentage of kills by friends in the entire game.
 D = Other kills in this place as a percentage of other kills in the entire game.
 E = Experience gained in this place as a percentage of experience gained in the entire game.
 F = Experience gained in this place divided by the number of levels of this place that you have seen.
                   A       B       C       D       E      F
               +-------+-------+-------+-------+-------+----------------------
         Total | 100.0 | 100.0 | 100.0 | 100.0 | 100.0 | 18111.8
       Dungeon |  20.6 |  21.4 |   2.2 |  17.5 |   5.4 | 3882.4
          Lair |  10.4 |  10.9 |   0.0 |   5.0 |   5.0 | 6617.4
         Swamp |   6.7 |   6.8 |   4.3 |   5.0 |   6.4 | 17218.0
   Spider Nest |   9.3 |   9.1 |   9.8 |  15.0 |   8.1 | 21693.0
  Orcish Mines |   5.7 |   5.2 |  16.3 |  10.0 |   2.4 | 12769.5
        Vaults |  17.6 |  16.4 |  42.4 |  22.5 |  24.8 | 53095.6
        Depths |  19.0 |  19.6 |   5.4 |  17.5 |  29.3 | 62615.4
           Zot |   5.0 |   4.5 |  17.4 |   2.5 |  13.7 | 29318.6
         Abyss |   3.0 |   3.0 |   2.2 |   5.0 |   3.4 | 7223.2
         Sewer |   0.3 |   0.3 |   0.0 |   0.0 |   0.0 | 114.0
      Ice Cave |   2.2 |   2.3 |   0.0 |   0.0 |   1.2 | 12297.0
       Volcano |   0.4 |   0.4 |   0.0 |   0.0 |   0.2 | 2566.0
               +-------+-------+-------+-------+-------+----------------------
